 Seeded DCSS version 0.28-a0-1613-gdaab1c2f9b (webtiles) character file.

Game seed: 11 (custom seed)

108021 knot the Severer (level 16, -2/99 (104) HPs)
             Began as a Demonspawn Berserker on Jan 22, 2022.
             Was a High Priest of Trog.
             Succumbed to an emperor scorpion's poison
             ... on level 1 of the Spider Nest.
             The game lasted 00:56:04 (34826 turns).

knot the Severer (Demonspawn Berserker)            Turns: 34826, Time: 00:56:05

HP:   -2/99 (104)   AC: 15    Str: 24    XL:     16   Next: 1%
MP:   2/16          EV: 11    Int: 15    God:    Trog [*****.]
Gold: 2286          SH:  0    Dex: 16    Spells: 15/15 levels left

rFire   + . .      SeeInvis .   X - +7 battleaxe (vamp)
rCold   + . .      Faith    +   (shield currently unavailable)
rNeg    . . .      Spirit   +   x - +1 crystal plate armour
rPois   +          Reflect  .   C - +0 hat {Will+}
rElec   .          Harm     .   F - scarf {rC+ rF+}
rCorr   .          Rampage  .   T - +0 pair of gloves of the Lost Path {rPois Dex+2 Slay+3}
Will    ++...                   M - +0 pair of boots "Riemin" {+Inv rPois}
Stlth   ..........              O - amulet of faith
HPRegen 0.26/turn               Z - ring of the Prince of Darkness {Fly Stlth+}
MPRegen 0.30/turn               N - +6 ring of strength

@: lethally poisoned (-2 -> -16), corroded, on berserk cooldown, flying, slowed,
studying Dodging, lightly drained, very slow
A: powered by death 2, magic shield, magic regeneration, sturdy frame 2,
weakness stinger 2
a: Renounce Religion, Evoke Invisibility, Berserk, Trog's Hand, Brothers in Arms


You were on level 1 of the Spider Nest.
You worshipped Trog.
Trog was extremely pleased with you.
You visited 5 branches of the dungeon, and saw 25 of its levels.
You also visited: Sewer and Ice Cave.

You collected 2726 gold pieces.
You spent 440 gold pieces at shops.

Inventory:

Hand Weapons
 w - a +2 executioner's axe of flaming
 V - the +7 spear "Uhapass" {vorpal, Int+4}
   (You found it on level 10 of the Dungeon)

   It inflicts extra damage upon your enemies.
   Int:       It affects your intelligence (+4).
 X - a +7 vampiric battleaxe (weapon)
 Y - a +7 battleaxe of draining
Missiles
 b - a throwing net
 i - 9 boomerangs (quivered)
 I - 9 javelins
 P - 5 curare-tipped darts
 Q - 25 poisoned darts
Armour
 x - a +1 crystal plate armour (worn)
 C - a +0 hat of willpower (worn)
 F - a scarf of resistance (worn)
 M - the +0 pair of boots "Riemin" (worn) {+Inv rPois}
   (You found it on level 7 of the Dungeon)

   rPois:     It protects you from poison.
   +Inv:      It lets you turn invisible.
 T - the +0 pair of gloves of the Lost Path (worn) {rPois Dex+2 Slay+3}
   (You found it on level 10 of the Dungeon)

   Dex:       It affects your dexterity (+2).
   Slay:      It affects your accuracy & damage with ranged weapons and melee
   (+3).
   rPois:     It protects you from poison.
Jewellery
 G - a ring of see invisible
 J - a ring of resist corrosion
 N - a +6 ring of strength (right hand)
 O - an amulet of faith (around neck)
 Z - the ring of the Prince of Darkness (left hand) {Fly Stlth+}
   (You found it in an ice cave)

   [ring of flight]

   Fly:       It grants you flight.
   Stlth:     It makes you more stealthy.
Wands
 W - a wand of acid (13)
Scrolls
 f - 8 scrolls of identify
 l - 6 scrolls of fog
 n - 3 scrolls of summoning
 p - 12 scrolls of teleportation
 t - 8 scrolls of fear
 y - 2 scrolls of amnesia
 z - 4 scrolls of immolation
 A - 6 scrolls of blinking
 B - 3 scrolls of magic mapping
Potions
 c - 6 potions of brilliance
 e - 4 potions of mutation
 g - a potion of attraction
 h - 4 potions of lignification
 j - 5 potions of curing
 m - 5 potions of degeneration
 o - 3 potions of magic
 q - 6 potions of heal wounds
 r - 3 potions of cancellation
 s - 4 potions of berserk rage
 u - 5 potions of flight
 v - 2 potions of invisibility
 D - 5 potions of haste
 E - 4 potions of might
 L - 3 potions of resistance
 S - 4 potions of ambrosia
Miscellaneous
 a - a tin of tremorstones (2/2)
 k - a condenser vane
 H - a phantom mirror


   Skills:
 - Level 3.0 Fighting
 * Level 17.4 Axes
 * Level 14.5 Throwing
 - Level 9.1 Armour
 * Level 11.5 Dodging
 - Level 10.0 Evocations


You had 15 spell levels left.
You didn't know any spells.
Your spell library contained the following spells:

 Spells                   Type           Power      Damage    Failure   Level
 Foxfire                  Conj/Fire      0%         2x1d4     99%         1
 Summon Small Mammal      Summ           0%         N/A       99%         1
 Blink                    Tloc           0%         N/A       99%         2
 Sublimation of Blood     Necr           0%         N/A       99%         2
 Call Canine Familiar     Summ           0%         N/A       100%        3
 Conjure Flame            Conj/Fire      0%         6-21      100%        3
 Frozen Ramparts          Ice            0%         1d2       100%        3
 Gell's Gravitas          Tloc           0%         N/A       100%        3
 Inner Flame              Hex/Fire       0%         N/A       100%        3
 Portal Projectile        Hex/Tloc       0%         N/A       100%        3
 Stone Arrow              Conj/Erth      0%         3d7       100%        3
 Summon Guardian Golem    Hex/Summ       0%         N/A       100%        3
 Teleport Other           Tloc           0%         N/A       100%        3
 Animate Armour           Summ/Erth      0%         N/A       100%        4
 Cause Fear               Hex            0%         N/A       100%        4
 Flame Wave               Conj/Fire      0%         2d4       100%        4
 Ice Form                 Ice/Tmut       0%         N/A       100%        4
 Petrify                  Tmut/Erth      0%         N/A       100%        4
 Summon Ice Beast         Ice/Summ       0%         N/A       100%        4
 Alistair's Intoxication  Tmut/Pois      0%         N/A       100%        5
 Blade Hands              Tmut           0%         N/A       100%        5
 Borgnjor's Vile Clutch   Necr/Erth      0%         N/A       100%        5
 Excruciating Wounds      Necr           0%         N/A       100%        5
 Freezing Cloud           Conj/Ice/Air   0%         6-21      100%        5
 Irradiate                Conj/Tmut      0%         3d13      100%        5
 Manifold Assault         Tloc           0%         N/A       100%        5
 Metabolic Englaciation   Hex/Ice        0%         N/A       100%        5
 Summon Forest            Summ/Tloc      0%         N/A       100%        5
 Dispersal                Tloc           0%         N/A       100%        6
 Eringya's Noxious Bog    Tmut/Pois      0%         N/A       100%        6
 Simulacrum               Ice/Necr       0%         N/A       100%        6
 Dragon Form              Tmut           0%         N/A       100%        7
 Storm Form               Tmut/Air       0%         N/A       100%        7
 Summon Hydra             Summ           0%         N/A       100%        7
 Lehudib's Crystal Spear  Conj/Erth      0%         10d2      100%        8
 Dragon's Call            Summ           0%         N/A       100%        9
 Polar Vortex             Ice            0%         N/A       100%        9


Dungeon Overview and Level Annotations

Branches:
Dungeon (15/15)            Temple (1/1) D:7            Lair (6/6) D:11
 Shoals (0/4) Lair:3       Spider (1/4) Lair:3        Slime (0/5) Lair:5
    Orc (2/2) D:9             Elf (0/3) Orc:2        Vaults (0/5) D:13
 Depths (0/4) D:15          Sewer (visited)           IceCv (visited)

Altars:
Ashenzari
Cheibriados
Dithmenos
Elyvilon
Fedhas
Gozag
Hepliaklqana
Kikubaaqudgha
Makhleb
Nemelex Xobeh
Okawaru
Qazlal
Ru
Sif Muna
Trog
Uskayaw
Vehumet
Wu Jian
Xom
Yredelemnul
Zin
The Shining One
Beogh

Shops:
D:9 *   Orc:2 [(:?[

Annotations:
Lair:3 1 runed translucent door, Xetequo's ghost, journeyman MiFi


Innate Abilities, Weirdness & Mutations

You regenerate health from kills.
When hurt, damage is shared between your health and your magic reserves.
You regenerate magic rapidly.
Your movements are less encumbered by armour. (ER -4)
You have a tail ending in a sharp stinger.


Message History

You hit the emperor scorpion. You tail-slap the emperor scorpion.
The emperor scorpion is heavily wounded.
The emperor scorpion stings you!
* * * LOW HITPOINT WARNING * * *
The emperor scorpion claws you.
* * * LOW HITPOINT WARNING * * *
The emperor scorpion claws you but does no damage.
You barely miss the emperor scorpion.
The emperor scorpion is heavily wounded.
You hit the emperor scorpion but do no damage.
The emperor scorpion is heavily wounded.
The emperor scorpion barely misses you.
The emperor scorpion completely misses you.
The emperor scorpion claws you but does no damage.
You slash the emperor scorpion!
The emperor scorpion is heavily wounded.
The emperor scorpion stings you!
* * * LOW HITPOINT WARNING * * *
The emperor scorpion claws you but does no damage. x2
You slash the emperor scorpion!
Your tail-slap misses the emperor scorpion.
The emperor scorpion is severely wounded.
You slash the emperor scorpion!
You feel better.
The emperor scorpion is almost dead.
The emperor scorpion stings you!!
* * * LOW HITPOINT WARNING * * *
You are lethally poisoned!
The emperor scorpion poisons you!
The emperor scorpion claws you but does no damage. x2
* * * LOW HITPOINT WARNING * * *
You feel very sick.
You feel a strong urge to attack something.
* * * LOW HITPOINT WARNING * * *
You feel very sick.
* * * LOW HITPOINT WARNING * * *
You feel very sick.
You feel your anger nearly subside.
You are no longer berserk.
You are exhausted.
You feel yourself slow down.
You die...

###..#..#
#....##.#
###.....###
##...^†..^#
#.....††####
......(.s...###
.............^##
......#..^.....#
#....##.@##...##
#....#..<.#####
#.# #...†# ##
######


You could see an emperor scorpion.

Vanquished Creatures
  Gastronok (D:12)
  An emperor scorpion (Lair:3)
  A frost giant (IceCv)
  An orc warlord (Orc:2)
  Josephine (Lair:5)
  An ice dragon (Lair:5)
  2 boulder beetles
  An ogre mage (D:10)
  A jorogumo (Spider:1)
  3 catoblepae
  4 hydras
  A naga warrior (D:12)
  Erica (Orc:1)
  2 centaur warriors
  4 two-headed ogres
  15 death yaks
  A deep troll shaman (Lair:6)
  An orc high priest (Orc:2)
  7 skeletal warriors
  A pharaoh ant (Spider:1)
  A steelbarb worm (Spider:1)
  A wizard (D:15)
  3 orc knights
  A harpy (shapeshifter) (D:11)
  3 orc sorcerers (Orc:2)
  A wolf spider (D:15)
  7 cyclopes
  2 manticores
  A wolf spider (shapeshifter) (D:10)
  4 slime creatures
  9 elephants
  12 ugly things
  Maurice (D:10)
  3 black mambas
  3 merfolk sirens (Lair:3)
  An ice statue (IceCv)
  2 torpor snails
  18 cane toads
  8 komodo dragons
  4 rime drakes
  A kobold demonologist (D:10)
  An efreet (D:14)
  3 freezing wraiths
  A tengu conjurer (D:13)
  A merfolk (Lair:3)
  5 trolls
  12 polar bears
  4 tarantellas (Spider:1)
  3 hornets
  A wolf spider simulacrum (D:15)
  11 blink frogs
  5 dream sheep
  2 jumping spiders (Spider:1)
  3 culicivoras (Spider:1)
  2 shadows
  59 yaks
  A vampire (D:13)
  5 wyverns
  7 basilisks
  6 wraiths
  Eustachio (D:4)
  A fire elemental (D:7)
  2 fire bats (D:7)
  A steam dragon (D:8)
  6 redbacks (Spider:1)
  Menkaure (D:7)
  4 vampire mosquitoes
  2 wargs
  3 acid dragons
  7 water moccasins
  35 orc warriors
  3 ice beasts
  2 sky beasts (D:6)
  5 black bears
  9 ogres
  23 wolves
  11 centaurs
  2 necrophages
  2 phantoms
  4 kobold brigands
  7 bullfrogs
  A wyvern zombie (D:5)
  6 scorpions
  6 gnoll sergeants
  2 wyvern skeletons (D:6)
  16 killer bees
  A wight (D:10)
  An electric eel (Lair:2)
  A howler monkey (D:9)
  10 centaur zombies
  15 orc priests
  4 gnoll shamans
  3 hounds
  3 jellies
  3 bullfrog skeletons
  2 iguanas
  26 orc wizards
  A killer bee zombie (D:7)
  A centaur simulacrum (D:10)
  A human simulacrum (D:14)
  A howler monkey zombie (D:6)
  A mummy (D:14)
  15 gnolls
  2 howler monkey skeletons (D:6)
  5 adders
  7 river rats
  3 white imps (Lair:5)
  5 worms
  A dart slug (D:3)
  72 orcs
  6 endoplasms
  5 giant cockroaches
  4 goblins
  3 hobgoblins
  4 jackals
  2 quokkas
  11 ball pythons
  8 bats
  5 frilled lizards
  17 kobolds
  16 rats
695 creatures vanquished.

Vanquished Creatures (collateral kills)
  Rupert (Orc:2)
  An entropy weaver (Spider:1)
  A fire dragon (D:13)
  A vault guard (D:13)
  Erolcha (D:12)
  A boulder beetle (D:13)
  A centaur warrior (D:13)
  An orc high priest (Orc:2)
  A tengu warrior (D:13)
  A necromancer (D:15)
  An orc sorcerer (D:15)
  2 naga magi (D:15)
  A demonic crawler (Spider:1)
  A centaur skeleton (D:15)
  A meliai zombie (D:15)
  A jumping spider (Spider:1)
  3 redbacks (Spider:1)
  2 orc warriors (Orc:2)
  A centaur (D:6)
  3 killer bees (D:6)
  2 orc priests (Orc:2)
  3 orc wizards (Orc:2)
  A gnoll (D:6)
  A white imp (D:6)
  7 orcs (Orc:2)
40 creatures vanquished.

Vanquished Creatures (others)
  A two-headed ogre (D:12)
  A guardian mummy (D:14)
  A slime creature (D:12)
  A vampire mosquito (D:10)
  A human simulacrum (D:14)
  A bush (Lair:6)
  28 fungi
  39 plants
  5 withered plants (D:14)
78 creatures vanquished.

Grand Total: 813 creatures vanquished

Notes
Turn   | Place    | Note
-------+----------+-------------------------------------------
     0 | D:1      | knot the Demonspawn Berserker began the quest for the Orb.
     0 | D:1      | Reached XP level 1. HP: 18/18 MP: 1/1
    50 | D:1      | Reached skill level 3 in Axes
    66 | D:1      | Gained mutation: You regenerate a little health from kills.
                  | [demonic ancestry]
    66 | D:1      | Reached XP level 2. HP: 18/24 MP: 2/2
   381 | D:1      | Found a faded altar of an unknown god.
   771 | D:2      | Gained mutation: Your movements are slightly less
                  | encumbered by armour. (ER -2) [demonic ancestry]
   771 | D:2      | Reached XP level 3. HP: 25/29 MP: 3/3
  1080 | D:2      | Reached skill level 4 in Axes
  1126 | D:2      | Reached ** piety under Trog
  2480 | D:3      | Found a glowing drain.
  2493 | D:3      | Reached XP level 4. HP: 33/35 MP: 4/4
  2499 | Sewer    | Entered a sewer
  2574 | Sewer    | Reached skill level 5 in Axes
  3266 | Sewer    | Reached XP level 5. HP: 41/41 MP: 5/5
  4574 | D:3      | Found a shadowy altar of Dithmenos.
  4577 | D:3      | Found a bloodstained altar of Trog.
  4578 | D:3      | Found a basalt altar of Yredelemnul.
  4578 | D:3      | Found a radiant altar of Vehumet.
  4578 | D:3      | Found a burning altar of Makhleb.
  4580 | D:3      | Found a broken altar of Ashenzari.
  4581 | D:3      | Found a snail-covered altar of Cheibriados.
  4583 | D:3      | Found a sacrificial altar of Ru.
  4801 | D:4      | Reached skill level 6 in Axes
  5331 | D:4      | Gained mutation: You have a small tail. [demonic ancestry]
  5331 | D:4      | Reached XP level 6. HP: 38/47 MP: 6/6
  5985 | D:4      | Noticed Eustachio
  5995 | D:4      | Killed Eustachio
  5996 | D:4      | Reached skill level 7 in Axes
  6266 | D:4      | Gained mutation: You regenerate health from kills. [demonic
                  | ancestry]
  6266 | D:4      | Reached XP level 7. HP: 52/52 MP: 7/7
  6868 | D:5      | Entered Level 5 of the Dungeon
  7098 | D:5      | Reached skill level 8 in Axes
  7758 | D:5      | Reached skill level 9 in Axes
  7758 | D:5      | Reached XP level 8. HP: 58/58 MP: 8/8
  9959 | D:6      | Reached skill level 10 in Axes
 10195 | D:6      | Reached skill level 1 in Throwing
 10902 | D:6      | Gained mutation: You regenerate magic rapidly. [demonic
                  | ancestry]
 10902 | D:6      | Reached XP level 9. HP: 63/63 MP: 9/9
 11953 | D:7      | Noticed Menkaure
 12091 | D:7      | Killed Menkaure
 12164 | D:7      | Reached skill level 11 in Axes
 12475 | D:7      | Found a transporter.
 12522 | D:7      | Reached skill level 5 in Throwing
 12584 | D:7      | Found a transporter.
 12656 | D:7      | Identified the +0 pair of boots "Riemin" {+Inv rPois}
 13164 | D:7      | Found a staircase to the Ecumenical Temple.
 13245 | Temple   | Entered the Ecumenical Temple
 13394 | D:8      | Found a hazy altar of Hepliaklqana.
 13394 | D:8      | Found an ancient bone altar of Kikubaaqudgha.
 13421 | D:8      | Reached skill level 1 in Evocations
 13510 | D:8      | Reached XP level 10. HP: 61/70 MP: 10/10
 13941 | D:8      | Reached skill level 12 in Axes
 14253 | D:8      | Found a hide-covered altar of Uskayaw.
 15095 | D:9      | Found Taakeir's General Store.
 15130 | D:9      | Bought a potion of curing for 42 gold pieces
 15130 | D:9      | Bought a scroll of fog for 28 gold pieces
 15130 | D:9      | Bought a scroll of teleportation for 42 gold pieces
 15337 | D:9      | Found a staircase to the Orcish Mines.
 15569 | D:9      | Reached *** piety under Trog
 16269 | D:10     | Entered Level 10 of the Dungeon
 16325 | D:10     | Identified the +0 pair of gloves of the Lost Path {rPois
                  | Dex+2 Slay+3}
 16537 | D:10     | Reached skill level 5 in Evocations
 16581 | D:10     | Noticed a two-headed ogre
 16589 | D:10     | Killed a two-headed ogre
 16945 | D:10     | Gained mutation: When hurt, damage is shared between your
                  | health and your magic reserves. [demonic ancestry]
 16945 | D:10     | Reached XP level 11. HP: 62/75 MP: 11/11
 17322 | D:10     | Noticed Maurice
 17341 | D:10     | Killed Maurice
 17508 | D:10     | Reached skill level 13 in Axes
 17593 | D:10     | Noticed an ogre mage
 17603 | D:10     | Killed an ogre mage
 17929 | D:10     | Noticed a two-headed ogre
 17939 | D:10     | Killed a two-headed ogre
 18308 | D:10     | Noticed a wolf spider
 18316 | D:10     | Killed a wolf spider
 18617 | D:10     | Noticed an orc knight
 18618 | D:10     | Noticed a green ugly thing
 18625 | D:10     | Killed a green ugly thing
 18634 | D:10     | Killed an orc knight
 18817 | D:10     | Identified the +7 spear "Uhapass" {vorpal, Int+4}
 19718 | D:11     | Noticed a harpy
 19718 | D:11     | a komodo dragon changed into a harpy
 19723 | D:11     | Killed a harpy
 20034 | D:11     | Noticed a boulder beetle
 20045 | D:11     | Killed a boulder beetle
 20046 | D:11     | Gained mutation: Your movements are less encumbered by
                  | armour. (ER -4) [demonic ancestry]
 20046 | D:11     | Reached XP level 12. HP: 81/81 MP: 9/12
 20147 | D:11     | Found a staircase to the Lair.
 20243 | D:11     | Reached **** piety under Trog
 20503 | D:12     | Noticed Erolcha
 20511 | D:12     | Killed Erolcha
 20526 | D:12     | Found an iron altar of Okawaru.
 20591 | D:12     | Noticed a two-headed ogre
 20922 | D:12     | Noticed a boulder beetle
 20930 | D:12     | Killed a boulder beetle
 20985 | D:12     | Reached skill level 5 in Armour
 21004 | D:12     | Noticed Gastronok
 21024 | D:12     | Killed Gastronok
 21025 | D:12     | Reached skill level 14 in Axes
 21248 | D:12     | Noticed a centaur warrior
 21249 | D:12     | Found a large runed translucent door.
 21262 | D:12     | Found a large runed translucent door.
 21269 | D:12     | Noticed a naga warrior
 21405 | Lair:1   | Entered Level 1 of the Lair of Beasts
 21414 | Lair:1   | Noticed a death yak
 21414 | Lair:1   | Noticed a death yak
 21414 | Lair:1   | Noticed a death yak
 21424 | Lair:1   | Killed a death yak
 21425 | Lair:1   | Reached skill level 10 in Throwing
 21427 | Lair:1   | Killed a death yak
 21430 | Lair:1   | Found a frozen archway.
 21437 | Lair:1   | Killed a death yak
 21445 | IceCv    | Entered an ice cave
 21793 | IceCv    | Noticed a death yak
 21793 | IceCv    | Noticed a death yak
 21793 | IceCv    | Noticed a death yak
 21809 | IceCv    | Killed a death yak
 21812 | IceCv    | Killed a death yak
 21813 | IceCv    | Reached XP level 13. HP: 86/86 MP: 11/13
 22167 | IceCv    | Noticed a frost giant
 22183 | IceCv    | Killed a frost giant
 22222 | IceCv    | Identified the ring of the Prince of Darkness {Fly Stlth+}
 22227 | IceCv    | Got the Reference Book on Snow
 22508 | Lair:1   | Reached skill level 10 in Evocations
 23555 | Lair:2   | Reached ***** piety under Trog
 24103 | Lair:2   | Reached skill level 15 in Axes
 24958 | Lair:3   | Found a staircase to the Shoals.
 24968 | Lair:3   | Received a gift from Trog
 25259 | Lair:3   | Found a hole to the Spider Nest.
 25512 | Lair:3   | Found a runed translucent door.
 25513 | Lair:3   | Noticed Xetequo's ghost (journeyman MiFi)
 26514 | Lair:4   | Reached XP level 14. HP: 93/93 MP: 10/14
 27420 | Lair:5   | Found a staircase to the Slime Pits.
 27522 | Lair:5   | Noticed Josephine
 27534 | Lair:5   | Killed Josephine
 27752 | Lair:5   | Identified a scroll of acquirement
 27752 | Lair:5   | Acquired a manual of Dodging
 27900 | Lair:5   | Identified the +6 mace of the Ageless Dreams {vorpal, rF+
                  | rC- Str+2 Int+2}
 28023 | Lair:6   | Entered Level 6 of the Lair of Beasts
 28177 | Lair:6   | Received a gift from Trog
 28393 | Lair:6   | Reached skill level 16 in Axes
 28393 | Lair:6   | Reached skill level 5 in Dodging
 29274 | D:12     | Found an iron altar of Okawaru.
 29523 | D:12     | Found an iron altar of Okawaru.
 30035 | D:13     | Gained mutation: You have a tail ending in a sharp stinger.
                  | [demonic ancestry]
 30035 | D:13     | Reached XP level 15. HP: 77/98 MP: 11/15
 30137 | D:13     | Received a gift from Trog
 30162 | D:13     | Found a gate to the Vaults.
 30577 | D:14     | You are sucked into a shaft and drop 1 floor!
 30577 | D:15     | Entered Level 15 of the Dungeon
 30663 | D:15     | Found a staircase to the Depths.
 31721 | D:15     | Received a gift from Trog
 32350 | Orc:1    | Entered Level 1 of the Orcish Mines
 32389 | Orc:1    | Reached skill level 10 in Dodging
 32399 | Orc:1    | Noticed Erica
 32421 | Orc:1    | Killed Erica
 32422 | Orc:1    | Reached skill level 17 in Axes
 32702 | Orc:2    | Entered Level 2 of the Orcish Mines
 32702 | Orc:2    | Found a staircase to the Elven Halls.
 32797 | Orc:2    | Noticed Rupert
 32808 | Orc:2    | Killed Rupert
 32879 | Orc:2    | Received a gift from Trog
 32880 | Orc:2    | Noticed an orc warlord
 32890 | Orc:2    | Killed an orc warlord
 33140 | Orc:2    | Found Neagukk's Antique Armour Emporium.
 33144 | Orc:2    | Found Xeqiujeroz's Antique Weapon Shoppe.
 33264 | Orc:2    | Found Ammy's Book Shoppe.
 33606 | Orc:2    | Found Goffiqu's Armour Shoppe.
 33786 | Orc:2    | Found Inaonas's Magic Scroll Emporium.
 33813 | Orc:2    | Bought a scroll of magic mapping for 56 gold pieces
 33813 | Orc:2    | Bought a scroll of identify for 32 gold pieces
 33813 | Orc:2    | Bought a scroll of fear for 56 gold pieces
 33813 | Orc:2    | Bought a scroll of identify for 32 gold pieces
 33813 | Orc:2    | Bought a scroll of fear for 56 gold pieces
 33813 | Orc:2    | Bought a scroll of teleportation for 48 gold pieces
 33813 | Orc:2    | Bought a scroll of teleportation for 48 gold pieces
 33843 | Orc:2    | Received a gift from Trog
 34261 | Spider:1 | Entered Level 1 of the Spider Nest
 34354 | Spider:1 | Noticed an emperor scorpion
 34650 | Lair:3   | Killed an emperor scorpion
 34793 | Spider:1 | Reached XP level 16. HP: 63/97 MP: 10/16
 34823 | Spider:1 | HP: 7/148 [poisoned by an emperor scorpion]
 34825 | Spider:1 | HP: 2/148 [poisoned by an emperor scorpion]
 34826 | Spider:1 | Succumbed to an emperor scorpion's poison

Illustrated notes

Levels and vault maps discovered:
D:1:      minmay_arrival_nine_rooms, layout_rooms, basic_ecumenical_altar
D:2:      layout_basic
D:3:      layout_loops_ring, minitemple, portal_sewer_entry_b,
          lemuel_old_faithful
D:4:      layout_basic, uniq_eustachio
D:5:      layout_layer_cave, minivault_24
D:6:      minmay_chambers_of_threes, layout_basic
D:7:      gammafunk_cloud_chamber, layout_loops_cross, lemuel_temple_firewalk_b,
          uniq_menkaure
D:8:      minmay_flawed_box, layout_basic, lemuel_coloured_pillars_altar,
          grunt_temple_overflow_open, serial_aquarium,
          aquarium_bridge_island_small [aquarium_subvault_small_water,
          aquarium_subvault_balcony, aquarium_subvault_balcony,
          aquarium_subvault_bridge, aquarium_subvault_wall],
          aquarium_window_fake, aquarium_window_fake, aquarium_window_fake,
          aquarium_view_2c, aquarium_view_2g, aquarium_pool_double
D:9:      minmay_general_purpose_star, layout_loops_ring,
          kennysheep_orc_monster_closet_entryway, serial_shops,
          nicolae_shop_crystal, minmay_misc_feat_nine_boxes,
          hangedman_decor_points
D:10:     minmay_the_grid_net [minmay_the_grid_outer_diamond,
          minmay_the_grid_minigrid_medium, minmay_the_grid_spikes,
          minmay_the_grid_slots, minmay_the_grid_small_cups,
          minmay_the_grid_prize_inner_circle], layout_stronghold, uniq_maurice
D:11:     layout_roguey, david_lair_generic
D:12:     okawaru_arena_lexackson, layout_gridville, okawaru_ov_weapons_minmay,
          uniq_gastronok, uniq_erolcha
D:13:     layout_rooms, david_vaults_5, minmay_misc_feat_five
D:14:     layout_irregular_city, minmay_misc_feat_roman, serial_undead,
          serial_undead_b, serial_undead_e, serial_undead_c, serial_undead_f,
          bh_circular_ruins
D:15:     grunt_enter_depths_magical_seal, layout_long_grid
Temple:   zaba_magenta_temple
Lair:1:   layout_small_grid, portal_ice_cave_rime
Lair:2:   layout_regular_city, chequers_serial_rivers_micro_b,
          nicolae_lair_grazing_beasts [nicolae_sub_lair_graze_edge,
          nicolae_sub_lair_graze_edge, nicolae_sub_lair_graze_edge,
          nicolae_sub_lair_graze_edge], lemuel_fruit_tree, wad_woods_river_01,
          infiniplex_staircase_pool_2
Lair:3:   layout_cave_pods, elwin_shoals_entry_stream,
          nicolae_spider_entry_non_spiders, ebering_ghost_inner_flame,
          chequers_serial_rivers_large_b
Lair:4:   layout_hall_layers, grunt_megastairs_5
Lair:5:   layout_gridlike, minmay_slime_entry_oklob_open,
          bobbens_ice_dragon_lair, uniq_josephine
Lair:6:   grunt_lair_end_beastmaster, layout_loops_ring,
          chequers_serial_rivers_large_a, serial_bayou_shore_b,
          grunt_megastairs_4
Spider:1: layout_spider_delve
Orc:1:    layout_caves, uniq_erica
Orc:2:    grunt_orc_community_town_hall, layout_caves,
          grunt_orc_community_big_house_1, grunt_orc_community_big_house_1,
          grunt_orc_community_house_1, grunt_orc_community_house_3,
          grunt_orc_community_house_2, grunt_orc_community_house_3,
          grunt_orc_community_house_1, grunt_orc_community_house_3,
          serial_shops, nicolae_shop_crystal, mines1_david, uniq_rupert

Skill      XL: |  1  2  3  4  5  6  7  8  9 10 11 12 13 14 15 |
---------------+----------------------------------------------+-----
Axes           | 3 4 5 6 7 9 10 11 12 13 14 15 16 17 | 17.4
Throwing       | 2 6 7 9 10 11 13 14 | 14.5
Evocations     | 1 5 7 9 10 | 10.0
Armour         | 3 6 8 9 |  9.1
Dodging        | 7 11 | 11.5
Fighting       | |  3.0

Action                   |  1- 3 |  4- 6 |  7- 9 | 10-12 | 13-15 | 16-18 || total
-------------------------+-------+-------+-------+-------+-------+-------++-------
Melee: Hand axe          |   126 |   168 |   199 |       |       |       ||   493
       Punch             |     1 |     2 |     8 |     5 |       |       ||    16
       Tailslap          |       |     4 |    54 |   126 |   195 |     3 ||   382
       Spear             |       |       |   176 |   162 |       |       ||   338
       War axe           |       |       |       |   229 |       |       ||   229
       Battleaxe         |       |       |       |   216 |  1053 |    14 ||  1283
       Executioner's axe |       |       |       |       |    14 |       ||    14
Throw: Boomerang         |       |       |    31 |    55 |   137 |     6 ||   229
       Stone             |       |       |     2 |       |       |       ||     2
       Dart              |       |       |       |    24 |     6 |       ||    30
       Javelin           |       |       |       |       |     2 |       ||     2
Invok: Berserk           |     3 |     8 |    19 |    18 |    11 |     1 ||    60
       Trog's Hand       |     1 |       |       |       |     1 |       ||     2
       Brothers in Arms  |       |       |       |     2 |     6 |       ||     8
Evoke: Wand              |       |       |     3 |    15 |     3 |       ||    21
       Condenser vane    |       |       |       |       |     1 |       ||     1
  Use: Scroll            |       |       |    10 |    12 |    15 |       ||    37
       Potion            |       |       |       |     1 |       |       ||     1
 Stab: Sleeping          |     2 |     4 |     1 |       |       |       ||     7
       Distracted        |       |       |     1 |       |     1 |       ||     2
       Petrified         |       |       |       |       |     3 |       ||     3
Armor: Animal skin       |    26 |    23 |    27 |       |       |       ||    76
       Leather armour    |       |       |    50 |       |       |       ||    50
       Crystal plate arm |       |       |    38 |   372 |   607 |    14 ||  1031
       Ice dragon scales |       |       |       |    23 |    53 |       ||    76
Dodge: Dodged            |   120 |    94 |   164 |   127 |   425 |     5 ||   935

Table legend: (Time is in decaauts)
 A = Elapsed time spent in this place.
 B = Non-inter-level travel time spent in this place.
 C = Inter-level travel time spent in this place.
 D = Time resting spent in this place.
 E = Time spent auto-exploring this place.
 F = Levels seen in this place.
 G = Mean time per level.
                   A        B        C        D        E       F      G
               +--------+--------+--------+--------+--------+-----+--------+
         Total |  35160 |  33806 |   1354 |  10403 |  18548 |  27 | 1302.2 |
       Dungeon |  23380 |  22519 |    861 |   7817 |  11892 |  15 | 1558.7 |
        Temple |     73 |     54 |     19 |      0 |     50 |   1 |   73.0 |
          Lair |   7271 |   6881 |    390 |   1069 |   4795 |   6 | 1211.8 |
   Spider Nest |    153 |    153 |      0 |     17 |     12 |   1 |  153.0 |
  Orcish Mines |   1709 |   1627 |     82 |    242 |    973 |   2 |  854.5 |
         Sewer |   1634 |   1634 |      0 |   1019 |    399 |   1 | 1634.0 |
      Ice Cave |    937 |    937 |      0 |    237 |    427 |   1 |  937.0 |
               +--------+--------+--------+--------+--------+-----+--------+

Top non-repeatable levels by time:
    D:10: 3053 daAuts
     D:6: 2960 daAuts
     D:5: 2381 daAuts
     D:4: 2156 daAuts
     D:2: 1934 daAuts
   Sewer: 1634 daAuts
  Lair:3: 1604 daAuts
     D:9: 1559 daAuts
    D:11: 1512 daAuts
     D:8: 1471 daAuts
  Lair:1: 1442 daAuts
   Orc:2: 1350 daAuts
    D:14: 1275 daAuts
  Lair:4: 1225 daAuts
    D:12: 1196 daAuts
